 Dungeon Crawl Stone Soup version 0.25-a0-591-g2ad0d861f1 (webtiles) character file.

Game seed: 16773437009036419916, levelgen mode: deterministic

106 esteth the Skirmisher (level 4, 0/41 HPs)
             Began as a Gnoll Wanderer on Mar 13, 2020.
             Slain by Flugslaktarn's ghost (15 damage)
             ... on level 3 of the Dungeon.
             The game lasted 00:04:44 (2346 turns).

esteth the Skirmisher (Gnoll Wanderer)              Turns: 2346, Time: 00:04:45

Health: 0/41       AC:  5    Str: 13    XL:     4   Next: 84%
Magic:  6/6        EV: 14    Int: 19    God:
Gold:   158        SH:  0    Dex: 14    Spells: 5/5 levels left

rFire    . . .     SeeInvis .   a - +0 falchion
rCold    . . .     Gourm    .   (no shield)
rNeg     . . .     Faith    .   b - +2 leather armour
rPois    .         Spirit   .   (no helmet)
rElec    .         Reflect  .   (no cloak)
rCorr    .         Harm     .   (no gloves)
MR       .....                  (no boots)
Stlth    ++........             (no amulet)
HPRegen  0.13/turn              o - +2 ring of intelligence
MPRegen  0.10/turn              (no ring)

@: no status effects
A: distributed training, fangs 1, strong nose
a: no special abilities


You were on level 3 of the Dungeon.
You were not hungry.

You visited 1 branch of the dungeon, and saw 3 of its levels.

You collected 158 gold pieces.

Inventory:

Hand Weapons
 a - a +0 falchion (weapon)
 d - a +0 dagger
 l - a +1 dagger of flaming
Armour
 b - a +2 leather armour (worn)
Jewellery
 o - a +2 ring of intelligence (left hand)
 r - an uncursed ring of ice
Scrolls
 c - a scroll of teleportation
 e - a scroll of magic mapping {unknown}
 h - a scroll of random uselessness {unknown}
 i - 2 scrolls of amnesia {unknown}
 j - 2 scrolls of enchant weapon {unknown}
 m - a scroll of noise {unknown}
 n - 3 scrolls of fear {unknown}
 s - a scroll of remove curse {unknown}
Potions
 p - 3 potions of curing {unknown}
 q - a potion of heal wounds {unknown}
Comestibles
 f - 7 rations


   Skills:
 + Level 6.6 Fighting
 + Level 1.2 Short Blades
 + Level 1.2 Long Blades
 + Level 1.2 Axes
 + Level 1.2 Maces & Flails
 + Level 1.2 Polearms
 + Level 2.8 Staves
 + Level 1.2 Slings
 + Level 1.2 Bows
 + Level 1.2 Crossbows
 + Level 1.2 Throwing
 + Level 1.2 Armour
 + Level 4.7 Dodging
 + Level 4.3 Stealth
 + Level 2.8 Shields
 + Level 1.2 Unarmed Combat
 + Level 1.2 Spellcasting
 + Level 1.0 Conjurations
 + Level 1.0 Hexes
 + Level 1.0 Charms
 + Level 1.0 Summonings
 + Level 1.0 Necromancy
 + Level 1.0 Translocations
 + Level 1.0 Transmutations
 + Level 1.0 Fire Magic
 + Level 1.0 Ice Magic
 + Level 1.0 Air Magic
 + Level 1.0 Earth Magic
 + Level 1.0 Poison Magic
 + Level 1.3 Invocations
 + Level 2.8 Evocations


You had 5 spell levels left.
You didn't know any spells.
Your spell library was empty.

Dungeon Overview and Level Annotations

Branches:
Dungeon (3/15)

Altars:
Gozag
Trog

Annotations:
D:3 Flugslaktarn's ghost, weakling DDFi


Innate Abilities, Weirdness & Mutations

Your experience applies equally to all skills.
You have very sharp teeth.
Your uncanny sense of smell can sniff out nearby items.


Message History

Aim: Flugslaktarn's ghost You throw a boomerang of dispersal.
The boomerang of dispersal hits Flugslaktarn's ghost but does no damage.
Flugslaktarn's ghost says, "Do you think the gods will protect you?"
Flugslaktarn's ghost closely misses you.
You riposte.
You hit Flugslaktarn's ghost but do no damage.
Throwing (i - inventory)
k - a boomerang of dispersal (quivered)
Press: ? - help, Shift-Dir - straight line, f/p - Flugslaktarn's ghost
Aim: Flugslaktarn's ghost You throw a boomerang of dispersal.
The boomerang of dispersal hits Flugslaktarn's ghost but does no damage.
Flugslaktarn's ghost hits you! x2
You barely miss Flugslaktarn's ghost.
Flugslaktarn's ghost closely misses you.
You barely miss Flugslaktarn's ghost. Flugslaktarn's ghost misses you.
You hit Flugslaktarn's ghost.
Flugslaktarn's ghost is lightly damaged.
Flugslaktarn's ghost hits you!
You die...

#.##..#
#.#...#
#...#.#
#.###<#
#..<..# ∆
#.##### #.#
#.# #@# ###
#W# #.##
#.#
∆#.#.###.#
..###....#
..<# ##.###
###. ##..#
. #.#.##
########..#


You could see Flugslaktarn's ghost.

Vanquished Creatures
  3 gnolls (D:2)
  2 adders (D:2)
  2 oozes
  A worm (D:2)
  2 dart slugs
  3 leopard geckos
  2 giant cockroaches
  6 goblins
  6 hobgoblins
  3 jackals (D:2)
  4 bats (D:1)
  A frilled lizard (D:2)
  4 kobolds
  2 rats (D:2)
41 creatures vanquished.

Notes
Turn   | Place    | Note
-------+----------+-------------------------------------------
     0 | D:1      | esteth the Gnoll Wanderer began the quest for the Orb.
     0 | D:1      | esteth set off with the following items: a +0 falchion, a
                  | +2 leather armour, a scroll of teleportation, a +0 dagger,
                  | a ration
     0 | D:1      | Reached XP level 1. HP: 23/23 MP: 2/2
   311 | D:1      | Reached XP level 2. HP: 15/29 MP: 3/3
   923 | D:1      | Reached XP level 3. HP: 32/35 MP: 4/4
  1473 | D:2      | Reached skill level 1 in Invocations
  1599 | D:2      | Reached skill level 1 in Short Blades
  1599 | D:2      | Reached skill level 1 in Long Blades
  1599 | D:2      | Reached skill level 1 in Axes
  1599 | D:2      | Reached skill level 1 in Maces & Flails
  1599 | D:2      | Reached skill level 1 in Polearms
  1599 | D:2      | Reached skill level 1 in Slings
  1599 | D:2      | Reached skill level 1 in Bows
  1599 | D:2      | Reached skill level 1 in Crossbows
  1599 | D:2      | Reached skill level 1 in Throwing
  1599 | D:2      | Reached skill level 1 in Armour
  1599 | D:2      | Reached skill level 1 in Unarmed Combat
  1599 | D:2      | Reached skill level 1 in Spellcasting
  1599 | D:2      | Reached XP level 4. HP: 38/41 MP: 4/6
  1765 | D:2      | Found an opulent altar of Gozag.
  1835 | D:2      | Found a bloodstained altar of Trog.
  1919 | D:2      | Reached skill level 1 in Conjurations
  1919 | D:2      | Reached skill level 1 in Hexes
  1919 | D:2      | Reached skill level 1 in Charms
  1919 | D:2      | Reached skill level 1 in Summonings
  1919 | D:2      | Reached skill level 1 in Necromancy
  1919 | D:2      | Reached skill level 1 in Translocations
  1919 | D:2      | Reached skill level 1 in Transmutations
  1919 | D:2      | Reached skill level 1 in Fire Magic
  1919 | D:2      | Reached skill level 1 in Ice Magic
  1919 | D:2      | Reached skill level 1 in Air Magic
  1919 | D:2      | Reached skill level 1 in Earth Magic
  1919 | D:2      | Reached skill level 1 in Poison Magic
  2307 | D:3      | Found a runed translucent door.
  2313 | D:3      | Noticed Flugslaktarn's ghost (weakling DDFi)
  2346 | D:3      | Slain by Flugslaktarn's ghost

Levels and vault maps discovered:
D:1:      scummos_arrival_gate, layout_basic
D:2:      layout_basic, lemuel_doored_altar,
          nicolae_gozag_cash_rules_everything_around_me
D:3:      layout_loops_cross, zin_academy, nemelex_xobeh_ov_fountains_minmay,
          ebering_ghost_sewer_f, nicolae_ru_the_path_less_chosen

Skill      XL: |  1  2  3  4 |
---------------+-------------+-----
Invocations    | 1 |  1.3
Short Blades   | 1 |  1.2
Long Blades    | 1 |  1.2
Axes           | 1 |  1.2
Maces & Flails | 1 |  1.2
Polearms       | 1 |  1.2
Slings         | 1 |  1.2
Bows           | 1 |  1.2
Crossbows      | 1 |  1.2
Throwing       | 1 |  1.2
Armour         | 1 |  1.2
Unarmed Combat | 1 |  1.2
Spellcasting   | 1 |  1.2
Conjurations   | 1 |  1.0
Hexes          | 1 |  1.0
Charms         | 1 |  1.0
Summonings     | 1 |  1.0
Necromancy     | 1 |  1.0
Translocations | 1 |  1.0
Transmutations | 1 |  1.0
Fire Magic     | 1 |  1.0
Ice Magic      | 1 |  1.0
Air Magic      | 1 |  1.0
Earth Magic    | 1 |  1.0
Poison Magic   | 1 |  1.0
Fighting       | |  6.6
Staves         | |  2.8
Dodging        | |  4.7
Stealth        | |  4.3
Shields        | |  2.8
Evocations     | |  2.8

Action                   |  1- 3 |  4- 6 || total
-------------------------+-------+-------++-------
Melee: Falchion          |   102 |    46 ||   148
       Bite              |     8 |     8 ||    16
       Punch             |     1 |       ||     1
Throw: Boomerang         |       |     5 ||     5
  Use: Potion            |     1 |       ||     1
       Scroll            |       |     2 ||     2
 Stab: Sleeping          |     6 |     2 ||     8
  Eat: Chunk             |     2 |     3 ||     5
Armor: Leather armour    |    39 |     8 ||    47
Dodge: Dodged            |    94 |    27 ||   121
       Rpst.: Falchion   |    33 |     7 ||    40

Table legend:
 A = Non-vault XP
 B = Vault XP
 C = Vault XP percentage of total XP
 D = Non-vault monster count
 E = Vault monster count
 F = Vault count percentage of total count
                 A         B        C        D         E       F
            +---------+---------+-------+---------+---------+-------
      Total |     152 |       0 |   0.0 |      41 |       0 |   0.0
            +---------+---------+-------+---------+---------+-------
        D:1 |      36 |       0 |   0.0 |      16 |       0 |   0.0
        D:2 |     116 |       0 |   0.0 |      25 |       0 |   0.0
            +---------+---------+-------+---------+---------+-------
